AoeStats
← joosephy

Pilgrims

509040576Analyzed
4v4 RM · 7d ago on Sep 25, 2026· 20m 18s· 8 players
Game mode
Random Map
Map size
Large (8 player)
Population
200
Speed
Normal
Resources
Standard
Victory
Conquest
Starting age
Dark Age
Ending age
Imperial Age
RankedLock teamsTeams togetherTeam positionsShared explorationLock speedFull tech treeHidden civsTurbo modeCheats
Victory
Defeat
🇨🇳 Persians · China
2016
+5
🇨🇳 Vikings · China
1783
+12
🇨🇳 Varangians · China
1686
+16
🇺🇸 Lithuanians · United States
1681
+15
🇨🇳 Varangians · China
1728
-13
🇨🇳 Armenians · China
1723
-13
🇨🇳 Malay · China
1678
-11
🇹🇼 Khmer · Taiwan
1666
-11
III
2:52 Loom
11:11 Feudal Age
11:44 Double-Bit Axe
19:08 Castle Age
17:53 Gold Mining
joosephy
4:36 Loom
10:57 Feudal Age
13:45 Castle Age
11:52 Fishing Lines
12:35 Double-Bit Axe
16:10 Wheelbarrow
21:19 Imperial Age
kibou
12:02 Feudal Age
13:58 Fletching
15:11 Double-Bit Axe
19:39 Castle Age
18:15 Horse Collar
19:48 Loom
20:24 Bodkin Arrow
西溪梨
13:03 Feudal Age
11:23 Loom
13:19 Loom
17:13 Castle Age
16:28 Double-Bit Axe
17:18 Fishing Lines
17:45 Fletching
19:56 Bodkin Arrow
邪恶菜菜虎
4:48 Loom
10:51 Feudal Age
11:27 Town Watch
11:45 Double-Bit Axe
11:47 Fishing Lines
14:48 Castle Age
12:54 Double-Bit Axe
13:48 Fletching
15:44 Bow Saw
17:10 Bodkin Arrow
18:06 Gold Mining
19:58 Clinker Construction
CNZS_Dadaya
9:45 Feudal Age
9:54 Loom
10:40 Double-Bit Axe
13:33 Castle Age
11:44 Fishing Lines
14:30 Bow Saw
15:29 Forging
Lastmantillidie
7:12 Loom
11:39 Feudal Age
12:24 Double-Bit Axe
12:35 Gold Mining
13:09 Fishing Lines
16:10 Castle Age
15:12 Stone Mining
16:23 Town Watch
17:24 Bow Saw
19:07 Gillnets
CNZS_CC
5:59 Loom
9:26 Feudal Age
9:49 Fishing Lines
9:56 Double-Bit Axe
18:53 Castle Age
Connection lost

Rejoining the realm…

Still unreachable

The connection could not be restored.

Session expired

The server has moved on; the page needs a fresh start.